 Dungeon Crawl Stone Soup version 0.15-a0-1119-g9b3a599 (webtiles) character file.

1545561 Zooty the Impregnable (level 27, 252/252 HPs)
             Began as a Deep Dwarf Necromancer on May 15, 2014.
             Was the Champion of Makhleb.
             Escaped with the Orb
             ... and 3 runes on May 29, 2014!
             The game lasted 07:20:27 (85212 turns).

Zooty the Impregnable (Deep Dwarf Necromancer)     Turns: 85212, Time: 07:20:27

HP 252/252       AC 61     Str 19      XL: 27
MP  35/37        EV 14     Int 24      God: Makhleb [******]
Gold 6596        SH 13     Dex 16      Spells: 11 memorised, 10 levels left

rFire  + + +     SeeInvis .     a - +8,+6 demon blade (elec)
rCold  + . .     Clarity  .     D - +14 crystal plate armour
rNeg   + . .     rCorr    .     G - +2 buckler {rF+}
rPois  +         rRot     .     q - +2 helmet of the Imp {Dex+3 Int+4 Curse}
rElec  .         Spirit   .     B - +2 cloak {rC+}
SustAb .         Warding  .     y - +1 pair of gloves {archery}
rMut   .         Stasis   .     p - +0 pair of boots "Lenez" {rPois rF++}
Gourm  +                        I - amulet of the gourmand
MR     +++++                    j - ring of protection from magic
                                u - ring of Zeipsis {Str+2 Dex+4 Dam+5}

@: stone skin, non-regenerating, almost entirely resistant to hostile
enchantments, extremely unstealthy
A: damage resistance, recharge devices, hooves 1, blurry vision 2, clumsy 2,
dopey 1, fast metabolism 3, life protection 1, sense surroundings 3, screaming
1, slow healing 3, weak 1, wild magic 1
a: Device Recharging, Minor Destruction, Lesser Servant of Makhleb, Major
Destruction, Greater Servant of Makhleb, Renounce Religion
0: Orb of Zot
}: 3/15 runes: serpentine, barnacled, silver


You escaped.
You worshipped Makhleb.
Makhleb was exalted by your worship.
You were not hungry.

You visited 11 branches of the dungeon, and saw 59 of its levels.
You visited 1 bazaar.
You also visited: Sewer, Bailey, Ice Cave and Wizlab.

You collected 9479 gold pieces.
You spent 2731 gold pieces at shops.

Inventory:

Hand weapons
 a - a +8,+6 demon blade of electrocution (weapon)
 b - the +9 blowgun of Fafueffaidd {speed, +Blink rN+ SInv}
   (You found it on level 5 of the Vaults)

   Attacks with this weapon are significantly faster.
   It protects you from negative energy.
   It enhances your eyesight.
   It lets you blink.
Missiles
 S - 8 curare-tipped needles
Armour
 p - the +0 pair of boots "Lenez" (worn) {rPois rF++}
   (You acquired it on level 3 of the Vaults)

   It greatly protects you from fire.
   It protects you from poison.
 q - the +2 helmet of the Imp (worn) {Dex+3 Int+4 Curse}
   (You acquired it on level 3 of the Shoals)

   It affects your intelligence (+4).
   It affects your dexterity (+3).
   It may recurse itself when equipped.
 y - a +1 pair of gloves of archery (worn)
 B - a +2 cloak of cold resistance (worn)
 D - a +14 crystal plate armour (worn)
 G - a +2 buckler of fire resistance (worn)
Magical devices
 c - a wand of heal wounds (5)
 f - a wand of draining (6)
 F - a wand of cold (2)
 L - a wand of fire (5)
 O - a wand of hasting (5)
 P - a wand of heal wounds (6)
 W - a wand of teleportation (1)
Comestibles
 g - 9 meat rations
 C - 8 bread rations
 E - 8 beef jerkies
 N - 3 royal jellies
Scrolls
 o - a scroll of teleportation
 z - 5 scrolls of remove curse
 K - 13 scrolls of identify
 M - a scroll of vulnerability
 U - a scroll of fog
 V - 4 scrolls of fear
 X - 3 scrolls of blinking
 Y - a scroll of summoning
Jewellery
 j - a ring of protection from magic (right hand)
 n - a +5 ring of intelligence
 u - the ring of Zeipsis (left hand) {Str+2 Dex+4 Dam+5}
   (You took it off a vault warden on level 2 of the Vaults)

   [ring of dexterity]

   It affects your strength (+2).
   It affects your dexterity (+4).
   It affects your damage with ranged weapons and melee attacks (+5).
 I - an amulet of the gourmand (around neck)
Potions
 d - 3 potions of berserk rage
 h - a potion of magic
 i - a potion of invisibility
 k - 2 potions of agility
 r - 3 potions of restore abilities
 H - 5 potions of curing
 Q - 3 potions of heal wounds
 T - 4 potions of resistance
Miscellaneous
 e - a stone of tremors
 l - a legendary deck of defence {the Alchemist, drawn: 2}
 m - a lamp of fire
 t - a phial of floods
 v - a lamp of fire
 w - a fan of gales
 A - a sack of spiders
Rods
 x - a +2 lightning rod (10/10)
   (You took it off an ogre mage on level 4 of the Depths)
 J - a -1 rod of the swarm (11/11)
   (You found it on level 3 of the Crypt)
 R - a +9 rod of destruction (9/9)
   (You found it on level 4 of the Depths)


   Skills:
 - Level 15.7 Fighting
   Level 14.1 Short Blades
 - Level 14.0 Long Blades
 + Level 23.3 Armour
 + Level 22.9 Dodging
 - Level 7.9 Stealth
 - Level 5.0 Shields
 - Level 7.5 Spellcasting
 - Level 9.0 Charms
 - Level 17.0 Necromancy
 - Level 15.1 Translocations
 - Level 4.2 Transmutations
 - Level 15.1 Earth Magic
 - Level 12.0 Invocations
 - Level 12.4 Evocations


You had 10 spell levels left.
You knew the following spells:

 Your Spells              Type           Power        Failure   Level  Hunger
a - Pain                  Necr           ####         1%          1    None
b - Animate Skeleton      Necr           N/A          1%          1    None
c - Vampiric Draining     Necr           #######...   3%          3    None
d - Control Undead        Necr           #######...   5%          4    ###....
e - Dispel Undead         Necr           #######.     13%         5    ####...
f - Excruciating Wounds   Chrm/Necr      #######...   43%         5    ####...
g - Agony                 Necr           #######.     13%         5    ####...
h - Blink                 Tloc           N/A          3%          2    None
i - Repel Missiles        Chrm/Air       #####.       65%         2    None
j - Apportation           Tloc           #######...   2%          1    None
k - Stoneskin             Trmt/Erth      ######....   13%         2    None


Dungeon Overview and Level Annotations

Branches:
Dungeon (15/15)            Temple (1/1) D:6             Orc (4/4) D:9
    Elf (3/3) Orc:4          Lair (8/8) D:10         Shoals (5/5) Lair:3
  Snake (5/5) Lair:5        Slime (0/6) Lair:7       Vaults (5/5) D:14
  Blade (0/1) Vaults:4      Crypt (3/3) Vaults:3       Tomb (0/3) Crypt:3
    Zot (5/5) Depths:5     Depths (5/5) D:15

Altars:
Ashenzari
Cheibriados
Dithmenos
Elyvilon
Fedhas
Gozag
Kikubaaqudgha
Makhleb
Nemelex Xobeh
Okawaru
Qazlal
Sif Muna
Trog
Vehumet
Xom
Yredelemnul
Zin
The Shining One
Beogh

Shops:
D:5 %   D:6 *   D:8 *   Orc:3 *   Orc:4 =[(*   Elf:3 :   Shoals:2 %
Shoals:4 [   Vaults:2 *   Vaults:5 *   Depths:2 }[:*:

Portals:
Hell: Depths:1 Depths:2 Depths:3 Depths:4 Depths:5
Abyss: Depths:1 Depths:4
Ziggurat: Depths:2

Annotations:
D:4 exclusion: ogre
Elf:1 exclusion: Roxanne, Roxanne
Lair:3 exclusion: oklob plant, Fannar
Snake:1 Aizul
Snake:4 exclusion: greater naga


Innate Abilities, Weirdness & Mutations

You are resistant to damage.
You can recharge devices by infusing magical energy.
You resist negative energy.
You passively map a large area around you.
You do not heal naturally.
You have large cloven feet.
Your vision is quite blurry.
You are very clumsy. (Dex -4)
You are dopey. (Int -2)
Your metabolism is lightning-fast.
You occasionally shout uncontrollably at your foes.
You are weak. (Str -2)
Your spells are a little harder to cast, but a little more powerful.


Message History

There is a stone staircase leading down here.
(D) Dungeon (T) Temple (O) Orcish Mines (E) Elven Halls (L) Lair (A) Shoals (P) Snake Pit (M) Slime Pits (V) Vaults (B) Hall of Blades (C) Crypt (W) Tomb (H) Hell (Z) Zot (U) Depths
Where to? (Enter - D:1 @ (x,y), ? - help)
There is an open door here.
You open the door.
There is an open door here.
There is an open door here.
There is a staircase leading out of the dungeon here.
Drink which item? (? for menu, Esc to quit)
You feel better.
Drink which item? (? for menu, Esc to quit)
You feel better.
You hear a grinding noise.
Casting: Vampiric Draining
Confirm with . or Enter, or press ? or * to list all spells.
Your skin hardens.
You have escaped!

.............#.#
...............#
#######....#.###
#........###...#
#...###..(...#'######
#.#.# ######.+......#
#.#.# #.#'####.#
###.# ###.#..#.#
....# #.'@.'.# #####
#.#..#.# #.####.#
#..%...# ########


There were no monsters in sight!

Vanquished Creatures
  2 orbs of fire (Zot:5)
  6 ancient liches
  2 pandemonium lords
  A curse toe (Zot:1)
  2 Killer Klowns (Zot:5)
  4 golden dragons
  Jory (Crypt:1)
  An electric golem (Zot:5)
  the Enchantress (Depths:4)
  Nikola (Depths:1)
  6 bone dragons
  Asterion (Vaults:1)
  18 Orb Guardians
  5 tentacled monstrosities
  A deep elf blademaster (Elf:3)
  A titan (Depths:4)
  2 deep elf master archers (Elf:3)
  4 liches
  An Executioner (Zot:1)
  4 storm dragons
  6 sphinxes
  Agnes (Vaults:2)
  4 tengu reavers
  Kirke (Elf:2)
  3 ancient champions
  10 shadow dragons
  A spectral weapon (Vaults:1)
  3 draconian monks
  Ilsuiw (Shoals:5)
  2 greater nagas
  15 vault wardens
  Donald (Snake:3)
  7 deep elf sorcerers
  A ghost moth (Zot:5)
  An orc warlord (Orc:4)
  A draconian scorcher (Zot:5)
  10 fire giants
  12 frost giants
  3 emperor scorpions
  5 draconian knights (Zot:5)
  The ghost of confidenceinterval the Brawler, a powerful TrBe of Trog (Lair:8)
  A cacodemon (D:12)
  6 draconian annihilators
  4 ghouls
  8 deep elf demonologists
  4 spriggan defenders
  2 draconian shifters
  8 rakshasas
  3 war gargoyles
  4 grey draconians
  18 stone giants
  A draconian caller (Zot:5)
  A green draconian (Zot:1)
  11 deep elf annihilators
  4 vampire knights
  3 purple draconians
  3 black draconians (Depths:5)
  A red draconian (Zot:5)
  3 curse skulls
  A pale draconian (Zot:1)
  A yellow draconian (shapeshifter) (Depths:4)
  5 dire elephants
  3 yellow draconians
  2 mottled draconians
  An unborn (Crypt:3)
  6 eidola
  6 white draconians
  16 ettins
  2 merfolk javelineers (Shoals:5)
  2 minotaurs
  40 vault guards
  15 fire dragons
  6 deep elf death magi
  3 merfolk impalers
  7 deep elf high priests
  4 sirens
  A quicksilver dragon skeleton (Crypt:1)
  4 jiangshi
  4 death cobs
  6 great orbs of eyes
  4 ice dragons
  12 ironheart preservers
  12 naga warriors
  16 yaktaur captains
  2 hydras
  2 statues (WizLab)
  6 spriggan air magi
  8 anacondas
  3 ravenous feature mimics
  A ravenous item mimic (Vaults:2)
  3 merfolk aquamancers
  A satyr (shapeshifter) (Vaults:5)
  3 spectral elves
  8 dancing weapons
  10 ogre magi
  A death knight (Crypt:1)
  A large abomination (Elf:3)
  5 vampire magi
  A death yak (shapeshifter) (Vaults:3)
  2 satyrs
  A tengu warrior (Depths:4)
  An alligator snapping turtle (Shoals:5)
  An alligator (shapeshifter) (Depths:2)
  7 deep troll shamans
  4 shock serpents
  3 orc high priests
  20 death yaks
  5 deep troll earth magi
  9 naga sharpshooters
  15 centaur warriors
  8 spriggan berserkers
  11 very ugly things
  7 soul eaters
  A storm dragon zombie (Depths:4)
  6 spriggans
  2 catoblepae
  2 shadow wraiths (Vaults:3)
  10 iron trolls
  13 skeletal warriors
  15 deep elf knights
  4 fire crabs
  3 death drakes
  A spectral anaconda (Depths:3)
  10 hell knights
  A salamander mystic (Depths:2)
  7 flayed ghosts
  A storm dragon skeleton (Vaults:3)
  31 deep trolls
  12 naga ritualists
  An orb spider (shapeshifter) (Depths:4)
  7 sea snakes
  20 ironbrand convokers
  10 deep elf summoners
  20 orc knights
  7 water nymphs
  A death drake (shapeshifter) (Vaults:5)
  An anaconda zombie (Crypt:1)
  A sea snake (shapeshifter) (Vaults:5)
  An ice statue (IceCv)
  3 wizards
  A lindwurm (Lair:8)
  5 unseen horrors
  A shadow dragon zombie (Crypt:2)
  15 harpies
  9 necromancers
  10 fauns
  A frost giant zombie (Crypt:3)
  7 hill giants
  19 deep elf conjurers
  4 red wasps
  8 manticores
  8 griffons
  9 orc sorcerers
  6 wolf spiders
  A stone giant zombie (Vaults:5)
  19 mana vipers
  A salamander (shapeshifter) (Vaults:5)
  2 hell beasts
  8 moths of wrath
  A harpy (shapeshifter) (Depths:2)
  A moth of wrath (shapeshifter) (Depths:5)
  2 hellions (D:13)
  10 salamanders
  11 phantasmal warriors
  7 cyclopes
  A mermaid (shapeshifter) (Elf:3)
  4 guardian serpents
  40 black mambas
  2 smoke demons (D:13)
  3 sixfirhies
  16 vault sentinels
  5 elephants (Lair:7)
  A fire giant skeleton (Vaults:3)
  8 mermaids
  A spriggan zombie (Depths:4)
  7 kobold demonologists
  9 spiny frogs
  3 human skeletons (Vaults:3)
  A queen ant (shapeshifter) (Vaults:5)
  13 naga magi
  A drowned soul (Shoals:3)
  2 orange crystal statues (Depths:3)
  An item mimic (Lair:7)
  2 orange demons (Zot:1)
  A dire elephant skeleton (Crypt:3)
  A storm dragon simulacrum (Crypt:1)
  An eye of devastation (shapeshifter) (Depths:4)
  A mottled draconian zombie (Crypt:3)
  A grey draconian zombie (Crypt:2)
  52 yaktaurs
  A purple draconian zombie (Crypt:1)
  A tormentor (Vaults:5)
  5 fire drakes
  A komodo dragon (shapeshifter) (Vaults:3)
  2 silent spectres
  2 red devils
  2 anaconda simulacra (Depths:3)
  3 hellwings (D:13)
  An elf (shapeshifter) (Vaults:2)
  6 komodo dragons
  A green draconian skeleton (Crypt:2)
  2 spectral merfolk (Depths:3)
  2 queen bees (shapeshifter)
  A yellow draconian skeleton (Crypt:3)
  An iron devil (Zot:1)
  Grinder (D:6)
  4 guardian mummies (Crypt:3)
  9 trolls
  An efreet (D:15)
  An elf (Shoals:2)
  A tengu conjurer (Depths:4)
  9 giant fireflies
  4 blue devils
  8 deep elf priests
  A mana viper skeleton (Crypt:3)
  11 two-headed ogres
  A fire drake (shapeshifter) (D:13)
  4 wind drakes
  7 freezing wraiths
  A merfolk (shapeshifter) (Depths:4)
  17 polar bears
  A centaur skeleton (D:15)
  11 boggarts
  A jumping spider (shapeshifter) (Vaults:5)
  2 giant leeches (Lair:8)
  A bog body (Crypt:2)
  20 merfolk
  30 slime creatures
  18 blink frogs
  4 boulder beetles
  A slime creature (shapeshifter) (Depths:1)
  A formicid (shapeshifter) (Elf:2)
  A raven (Depths:4)
  3 griffon zombies
  A raven (shapeshifter) (Depths:2)
  A moth of wrath zombie (Crypt:2)
  2 raiju (Depths:3)
  A baby alligator (shapeshifter) (Depths:1)
  A fire dragon zombie (Crypt:1)
  2 trapdoor spiders (shapeshifter)
  9 snapping turtles
  A tarantella (shapeshifter) (Vaults:4)
  2 vampires
  4 basilisks
  11 flying skulls
  A shock serpent simulacrum (Crypt:3)
  An alligator skeleton (Crypt:3)
  7 air elementals
  2 ice dragon skeletons
  11 shadows
  20 water elementals
  33 ugly things
  2 hill giant zombies
  A human (shapeshifter) (Elf:3)
  14 wraiths
  3 wyverns
  A blink frog (shapeshifter) (Vaults:2)
  A hog (Elf:2)
  12 hippogriffs
  40 deep elf magi
  7 elephant slugs
  6 sharks
  A steam dragon (Lair:8)
  30 deep elf fighters
  45 yaks
  13 wolves
  11 swamp worms (Lair:1)
  4 wargs
  2 elf skeletons
  18 vampire mosquitoes
  A glowing shapeshifter zombie (Crypt:3)
  A human zombie (D:14)
  4 hungry ghosts
  6 mottled dragons
  A warg (shapeshifter) (Depths:4)
  43 nagas
  A hydra simulacrum (Depths:3)
  7 hell hounds (Depths:3)
  A deep dwarf (shapeshifter) (Depths:4)
  2 spectral trolls (Depths:3)
  6 sky beasts
  24 water moccasins
  10 porcupines
  A spiny frog skeleton (Crypt:1)
  3 spectral spriggans (Depths:3)
  A torturous demonspawn skeleton (Crypt:1)
  38 ogres
  3 necrophages
  51 orc warriors
  2 swamp drakes (Lair:8)
  6 ice beasts
  3 boring beetles
  2 phantoms
  26 centaurs
  A blink frog skeleton (Crypt:1)
  23 crocodiles
  Sigmund (D:3)
  5 lost souls
  3 brain worms (Lair:8)
  10 giant slugs
  22 giant frogs
  An ugly thing zombie (Crypt:2)
  4 big kobolds
  3 cyclops skeletons
  2 cyclops zombies (D:15)
  A merfolk simulacrum (Depths:3)
  5 killer bees (D:11)
  6 scorpions
  3 elf zombies
  A spectral naga (Depths:3)
  5 spectral ogres (Depths:3)
  A hippogriff zombie (Shoals:5)
  A boulder beetle zombie (D:15)
  2 troll zombies
  A pulsating lump (shapeshifter) (Vaults:5)
  A giant frog zombie (D:11)
  23 wights
  2 troll skeletons
  4 goliath beetles
  8 hounds
  8 centaur zombies
  A pulsating lump (Lair:7)
  2 quasits
  A two-headed ogre zombie (D:12)
  5 crimson imps
  13 iguanas
  25 orc priests
  8 jellies
  22 orc wizards
  10 big fish
  A giant frog skeleton (D:5)
  14 worker ants
  2 iron imps
  3 orange rats
  32 sheep
  2 spriggan simulacra (Depths:3)
  Ijyb (D:2)
  Jessica (D:3)
  2 mottled dragon skeletons
  2 ogre skeletons
  A mummy (D:6)
  A worker ant zombie (D:9)
  20 adders
  3 gnolls (D:3)
  A steam dragon zombie (Crypt:2)
  5 orc zombies
  A worm zombie (Crypt:1)
  23 green rats
  4 shadow imps
  2 giant mites (Lair:1)
  An inept feature mimic (D:5)
  7 white imps
  28 worms
  2 ufetubi
  An adder skeleton (D:4)
  A giant eyeball (Depths:3)
  9 giant geckos
  8 oozes
  173 orcs
  8 ball pythons
  20 bats
  A bat zombie (Shoals:5)
  28 goblins
  21 hobgoblins
  27 jackals
  35 kobolds
  14 quokkas
  2 ball python zombies (Crypt:1)
  7 giant cockroaches
  A giant cockroach zombie (D:6)
  A giant gecko skeleton (D:4)
  7 giant newts
  7 giant spores
  2 hobgoblin zombies
  2 jackal skeletons
  4 orc skeletons
  A quokka skeleton (Crypt:2)
  A quokka zombie (Crypt:2)
  18 rats
  2 rat zombies
  37 ballistomycetes
  A crawling corpse (Vaults:2)
  A fungus (Lair:8)
2702 creatures vanquished.

Vanquished Creatures (collateral kills)
  A tentacled monstrosity (Depths:1)
  5 Orb Guardians (Zot:5)
  The ghost of Yllodra the Slayer, a mighty MiBe of Trog (Shoals:5)
  2 deep elf blademasters (Elf:3)
  A Shadow Fiend (Depths:3)
  A deep elf master archer (Elf:3)
  Rupert (Lair:5)
  A tengu reaver (Vaults:2)
  4 greater nagas (Snake:5)
  2 deep elf sorcerers (Elf:3)
  A draconian knight (Zot:5)
  An orc warlord (Orc:3)
  3 vault wardens
  A frost giant (IceCv)
  A deep elf demonologist (Elf:3)
  4 deep elf annihilators (Elf:3)
  3 deep elf knights
  3 deep elf death magi (Elf:3)
  Snorg (Orc:2)
  3 merfolk javelineers
  2 deep elf high priests (Elf:3)
  2 merfolk impalers (Shoals:5)
  A fire dragon (Lair:8)
  5 ironheart preservers
  A siren (Shoals:3)
  Harold (D:13)
  4 statues (WizLab)
  A hydra (Lair:4)
  2 rakshasas
  A naga warrior (Snake:5)
  A large abomination (Elf:3)
  2 spectral elves (Elf:3)
  2 merfolk aquamancers (Shoals:5)
  An ogre mage (Vaults:1)
  A satyr (Shoals:3)
  A deep troll earth mage (Vaults:4)
  A centaur warrior (D:13)
  3 dancing weapons (WizLab)
  2 orc high priests (Orc:4)
  3 naga sharpshooters
  3 shock serpents
  A soul eater (Depths:1)
  A sea snake (Shoals:3)
  A salamander mystic (Snake:5)
  A wizard (Vaults:1)
  2 ironbrand convokers
  A deep troll (Vaults:4)
  2 water nymphs
  4 harpies (Shoals:4)
  An orc sorcerer (Orc:3)
  A deep elf conjurer (Elf:3)
  A cyclops (Orc:4)
  4 griffons
  A mana viper (Snake:4)
  3 fauns (Shoals:3)
  A salamander (Snake:3)
  2 mermaids
  3 naga magi
  A mermaid (shapeshifter) (Vaults:1)
  5 black mambas
  A small abomination (Vaults:2)
  A vault sentinel (Vaults:2)
  A drowned soul (Shoals:3)
  An orange demon (Elf:3)
  Psyche (Orc:2)
  A spiny frog (shapeshifter) (Elf:3)
  A fire drake (Lair:8)
  A yaktaur (Vaults:1)
  A merfolk (Shoals:1)
  3 polar bears
  A red devil (Elf:3)
  A two-headed ogre (D:13)
  3 snapping turtles
  2 blink frogs (Lair:5)
  9 water elementals
  An ugly thing (Vaults:3)
  4 deep elf magi (Elf:3)
  A wyvern (shapeshifter) (Vaults:1)
  A deep elf fighter (Elf:3)
  2 neqoxecs
  A hippogriff (Lair:8)
  A chaos spawn (Orc:4)
  A vampire mosquito (Vaults:1)
  12 nagas
  3 wolves (IceCv)
  4 water moccasins
  2 hell hounds (Depths:2)
  An ice beast (Elf:3)
  A centaur (D:13)
  13 orc warriors
  2 ogres
  A sky beast (D:13)
  A lost soul (Elf:3)
  A crocodile (Lair:8)
  A brain worm (Lair:8)
  An electric eel (Orc:4)
  2 crimson imps
  5 orc priests
  A jelly (D:7)
  A kobold skeleton (D:13)
  A hound (D:7)
  An iguana (Lair:4)
  4 orc wizards
  2 sheep (Orc:4)
  An adder (Lair:4)
  A shadow imp (D:12)
  7 white imps (D:11)
  A worm (Lair:8)
  6 ufetubi
  A giant gecko (Lair:4)
  28 orcs
  A bat zombie (Shoals:5)
  A jackal (Lair:4)
  2 orc zombies
  A rat (Lair:4)
  A ballistomycete (D:6)
267 creatures vanquished.

Vanquished Creatures (others)
  4 Executioners
  A draconian scorcher (Zot:5)
  2 cacodemons
  4 balrugs
  5 blizzard demons
  9 green deaths
  A deep elf high priest (Elf:3)
  An ettin (Depths:2)
  A wizard (Depths:1)
  21 drowned souls
  A komodo dragon (Lair:8)
  A hellwing (Shoals:5)
  A smoke demon (Shoals:5)
  A water elemental (Vaults:2)
  An iron devil (Vaults:2)
  A deep elf priest (Vaults:2)
  2 deep elf magi
  2 neqoxecs
  3 humans (Elf:2)
  A naga (Depths:4)
  2 wargs
  An orc zombie (Vaults:5)
  2 boggarts (Depths:3)
  2 ogres
  A centaur (Depths:1)
  2 lost souls
  A giant frog (D:14)
  A crimson imp (D:6)
  2 hounds
  An orc priest (Vaults:5)
  A worker ant (D:6)
  An orc wizard (Orc:3)
  An adder (D:6)
  A giant gecko (D:6)
  2 orcs
  A bush (Lair:5)
  27 fungi
  15 plants
127 creatures vanquished.

Grand Total: 3096 creatures vanquished

Notes
Turn   | Place    | Note
--------------------------------------------------------------
     0 | D:1      | Zooty, the Deep Dwarf Necromancer, began the quest for the Orb.
     0 | D:1      | Reached XP level 1. HP: 15/15 MP: 2/2
    68 | D:1      | Paralysed by a potion of paralysis for 6 turns
   216 | D:1      | Reached XP level 2. HP: 7/22 MP: 0/3
   294 | D:1      | Reached skill level 5 in Necromancy
  1112 | D:2      | Reached XP level 3. HP: 8/28 MP: 3/5
  1150 | D:2      | Learned a level 3 spell: Vampiric Draining
  1586 | D:2      | Found a basalt altar of Yredelemnul.
  1630 | D:2      | Learned a level 1 spell: Animate Skeleton
  2286 | D:3      | Noticed Ijyb
  2289 | D:3      | Noticed Jessica
  2338 | D:2      | Killed Ijyb
  2338 | D:2      | Reached skill level 6 in Necromancy
  2451 | D:3      | Killed Jessica
  2451 | D:3      | Reached XP level 4. HP: 28/36 MP: 2/6
  2574 | D:3      | Reached XP level 5. HP: 35/42 MP: 0/7
  2925 | D:3      | Reached skill level 5 in Dodging
  3065 | D:3      | Reached XP level 6. HP: 39/49 MP: 0/9
  3362 | D:3      | Noticed Sigmund
  3616 | D:5      | Entered Level 5 of the Dungeon
  3712 | D:5      | Found Nikha's Food Boutique.
  4097 | D:5      | Found a glowing drain.
  4101 | Sewer    | Entered a sewer
  4120 | Sewer    | Reached skill level 7 in Dodging
  4379 | Sewer    | Reached XP level 7. HP: 43/55 MP: 10/10
  4541 | Sewer    | Gained mutation: You can spit poison. [potion of mutation]
  4541 | Sewer    | Gained mutation: You are dopey. (Int -2) [potion of mutation]
  4541 | Sewer    | Gained mutation: Your vision is a little blurry. [potion of mutation]
  4584 | D:5      | Reached skill level 8 in Dodging
  4722 | D:5      | Found a stormy altar of Qazlal.
  4783 | D:5      | Gained mutation: You can breathe flames. [potion of mutation]
  4783 | D:5      | Lost mutation: You are dopey. (Int -2) [potion of mutation]
  4930 | D:6      | Reached skill level 9 in Dodging
  5077 | D:3      | Found a radiant altar of Vehumet.
  5123 | D:2      | Learned a level 4 spell: Control Undead
  5201 | D:3      | Killed Sigmund
  5201 | D:3      | Reached XP level 8. HP: 38/62 MP: 2/12
  5696 | D:4      | Reached skill level 10 in Dodging
  5882 | D:4      | Reached skill level 1 in Fighting
  6244 | D:6      | Found a radiant altar of Vehumet.
  6584 | D:7      | Found an iron altar of Okawaru.
  6685 | D:6      | Found a shimmering altar of Xom.
  6867 | D:6      | Found a shadowy altar of Dithmenos.
  6888 | D:6      | Found Zin's Purification Station.
  6891 | D:6      | Found a glowing silver altar of Zin.
  6955 | D:6      | Noticed Grinder
  6968 | D:6      | Killed Grinder
  6968 | D:6      | Gained mutation: You passively map the area around you. [level up]
  6968 | D:6      | Reached XP level 9. HP: 22/74 MP: 11/17
  6997 | D:6      | Found a staircase to the Ecumenical Temple.
  7004 | Temple   | Entered the Ecumenical Temple
  7148 | D:6      | Learned a level 5 spell: Dispel Undead
  7953 | D:6      | Found a burning altar of Makhleb.
  7961 | D:6      | Became a worshipper of Makhleb the Destroyer
  8498 | D:8      | Reached skill level 10 in Necromancy
  8644 | D:8      | Found an ancient bone altar of Kikubaaqudgha.
  8738 | D:8      | Found a sparkling altar of Nemelex Xobeh.
  8738 | D:8      | Found a blossoming altar of Fedhas.
  8741 | D:8      | Found Muegeosk's General Store.
  8963 | D:8      | Reached skill level 11 in Necromancy
  8990 | D:8      | Found a flagged portal.
  8997 | D:8      | Acquired Makhleb's first power
  9139 | D:8      | Got an encrusted dagger
  9140 | D:8      | Identified the +6,+3 dagger "Strage" {venom, -Tele +Rage +Fly Int-3} (You found it on level 8 of the Dungeon)
  9175 | Bailey   | Entered a bailey
  9551 | Bailey   | Acquired Makhleb's second power
  9696 | Bailey   | Noticed an orc knight
  9727 | Bailey   | Reached XP level 10. HP: 49/81 MP: 3/18
  9865 | Bailey   | Reached skill level 12 in Necromancy
  9918 | Bailey   | Noticed an orc knight
  9971 | Bailey   | Killed an orc knight
 10225 | Bailey   | Noticed an orc knight
 10265 | Bailey   | Killed an orc knight
 10375 | Bailey   | Noticed an orc knight
 10376 | Bailey   | Noticed an orc knight
 10606 | D:8      | Reached skill level 13 in Necromancy
 11074 | D:9      | Found a staircase to the Orcish Mines.
 11133 | D:9      | Found a blossoming altar of Fedhas.
 11526 | D:10     | Entered Level 10 of the Dungeon
 11526 | D:10     | Noticed a hill giant
 11903 | D:10     | Acquired Makhleb's third power
 11925 | D:10     | Reached skill level 5 in Spellcasting
 12103 | D:10     | Killed a hill giant
 12245 | D:10     | Found a staircase to the Lair.
 12452 | D:10     | Reached XP level 11. HP: 80/88 MP: 21/25
 12512 | D:10     | Noticed an unseen horror
 12531 | D:10     | Killed an unseen horror
 12797 | D:10     | Acquired Makhleb's fourth power
 13011 | D:10     | Learned a level 5 spell: Excruciating Wounds
 13022 | Lair:1   | Entered Level 1 of the Lair of Beasts
 13137 | Lair:1   | Reached skill level 1 in Charms
 13282 | Lair:1   | Lost mutation: Your vision is a little blurry. [potion of cure mutation]
 13282 | Lair:1   | Lost mutation: You can spit poison. [potion of cure mutation]
 13282 | Lair:1   | Lost mutation: You can breathe flames. [potion of cure mutation]
 14321 | Lair:1   | Reached skill level 5 in Charms
 14612 | D:10     | Learned a level 5 spell: Agony
 14801 | Lair:1   | Acquired Makhleb's fifth power
 15261 | Lair:2   | Reached skill level 1 in Invocations
 15733 | Lair:2   | Reached skill level 5 in Invocations
 15899 | Lair:2   | Got a faintly glowing short sword
 15900 | Lair:2   | Identified the cursed -1,+2 short sword "Govypah" {venom, rPois} (You found it on level 2 of the Lair of Beasts)
 16440 | Lair:3   | Found a staircase to the Shoals.
 16529 | Lair:3   | Reached XP level 12. HP: 96/96 MP: 27/27
 16580 | Lair:3   | Identified a scroll of acquirement
 16939 | Lair:3   | Noticed Fannar
 17158 | Lair:4   | Reached skill level 10 in Invocations
 17369 | Lair:4   | Noticed a five-headed hydra
 17381 | Lair:4   | Killed a five-headed hydra
 18014 | Lair:5   | Reached skill level 1 in Short Blades
 18899 | Lair:5   | Noticed Rupert
 18899 | Lair:5   | Noticed a balrug
 19060 | Lair:5   | Killed Rupert
 19060 | Lair:5   | Reached skill level 5 in Short Blades
 19559 | Lair:5   | Noticed a six-headed hydra
 19564 | Lair:5   | Killed a six-headed hydra
 19677 | Lair:5   | Found a staircase to the Snake Pit.
 19885 | Lair:5   | Reached XP level 13. HP: 100/102 MP: 18/28
 20373 | Lair:6   | Found a bloodstained altar of Trog.
 22048 | Lair:7   | Found a staircase to the Slime Pits.
 22172 | Lair:7   | Reached skill level 10 in Short Blades
 22553 | Lair:7   | Reached skill level 1 in Armour
 23044 | Lair:8   | Entered Level 8 of the Lair of Beasts
 23568 | Lair:8   | Noticed confidenceinterval's ghost (powerful TrBe)
 23581 | Lair:8   | Killed confidenceinterval's ghost
 23581 | Lair:8   | Reached skill level 5 in Armour
 24706 | Lair:8   | Gained mutation: You resist negative energy. [level up]
 24706 | Lair:8   | Reached XP level 14. HP: 74/109 MP: 6/29
 24783 | Lair:8   | Noticed a balrug
 25912 | D:11     | Found a frozen archway.
 25978 | IceCv    | Entered an ice cave
 26326 | IceCv    | Reached skill level 10 in Armour
 26976 | IceCv    | Noticed a frost giant
 27007 | IceCv    | Killed a frost giant
 28636 | D:12     | Reached skill level 5 in Fighting
 29302 | D:13     | Found a shattered altar of Ashenzari.
 29453 | D:13     | Noticed Harold
 29465 | D:13     | Killed Harold
 29492 | D:13     | Gained mutation: Your spells are a little harder to cast, but a little more powerful. [potion of beneficial mutation]
 30241 | D:14     | Found a gate to the Vaults.
 31139 | D:14     | Reached XP level 15. HP: 124/134 MP: 15/30
 31517 | D:14     | Found a glowing golden altar of the Shining One.
 31775 | D:15     | Entered Level 15 of the Dungeon
 32060 | D:14     | Reached skill level 5 in Evocations
 32672 | D:15     | Found a staircase to the Depths.
 33402 | D:15     | Upgraded the game from 0.15-a0-834-gd31242b to 0.15-a0-861-g2f358d9
 33693 | Snake:1  | Entered Level 1 of the Snake Pit
 33727 | Snake:1  | Reached skill level 5 in Stealth
 34920 | Snake:1  | Got an ominously black robe
 35178 | Snake:1  | Identified the cursed +2 robe of Virtue {+Blink rElec Stlth--} (You took it off a naga on level 1 of the Snake Pit)
 35683 | Snake:1  | Noticed Aizul
 37085 | Snake:2  | HP: 4/135 [shock serpent (8)]
 37088 | Snake:2  | Reached XP level 16. HP: 40/144 MP: 11/31
 38185 | Snake:3  | Noticed Donald
 38288 | Snake:3  | Killed Donald
 41122 | Snake:4  | Reached skill level 14 in Dodging
 41842 | Snake:5  | Entered Level 5 of the Snake Pit
 43454 | Snake:5  | Reached XP level 17. HP: 115/150 MP: 10/31
 43674 | Snake:5  | Got a serpentine rune of Zot
 43930 | Shoals:1 | Entered Level 1 of the Shoals
 44515 | Shoals:1 | Got a pair of heavily runed boots
 44519 | Shoals:1 | Identified the +2 pair of boots "Stip" {Int-6 Dam+5} (You found it on level 1 of the Shoals)
 45830 | Shoals:2 | Learned a level 2 spell: Blink
 45877 | Shoals:2 | Found Moeguoda's Food Shop.
 45949 | Shoals:2 | Reached skill level 1 in Translocations
 46118 | Shoals:2 | Noticed Nessos
 46121 | Shoals:2 | Noticed Nessos
 46121 | Shoals:2 | Nessos changed into Nessos the elf
 46131 | Shoals:2 | Killed Nessos the elf
 46342 | Shoals:2 | Learned a level 2 spell: Repel Missiles
 47866 | Shoals:3 | Got a faintly humming helmet
 47869 | Shoals:3 | Identified the +2 helmet of the Imp {Dex+3 Int+4 Curse} (You acquired it on level 3 of the Shoals)
 48216 | Shoals:4 | Found Mouleuje's Armour Shop.
 49104 | Shoals:5 | Entered Level 5 of the Shoals
 49263 | Shoals:5 | Noticed Ilsuiw
 49278 | Shoals:5 | Noticed Yllodra's ghost (mighty MiBe)
 49318 | Shoals:5 | Killed Ilsuiw
 49343 | Shoals:5 | Killed Yllodra's ghost
 49537 | Shoals:5 | Learned a level 1 spell: Apportation
 49948 | Shoals:5 | Got a barnacled rune of Zot
 50478 | Shoals:5 | Identified the Collected Works on the Entourage
 50502 | Shoals:5 | Gained mutation: You passively map a large area around you. [level up]
 50502 | Shoals:5 | Reached XP level 18. HP: 137/158 MP: 15/32
 51229 | Vaults:1 | Entered Level 1 of the Vaults
 51733 | Vaults:1 | Noticed Asterion
 51761 | Vaults:1 | Killed Asterion
 51974 | Vaults:1 | Reached skill level 10 in Fighting
 52074 | Vaults:1 | Reached skill level 1 in Long Blades
 52761 | Vaults:1 | Reached skill level 5 in Long Blades
 53863 | Vaults:2 | Reached skill level 10 in Long Blades
 54367 | Vaults:2 | Noticed Agnes
 55287 | Vaults:2 | Killed Agnes
 55287 | Vaults:2 | Reached skill level 1 in Shields
 55287 | Vaults:2 | Reached XP level 19. HP: 44/168 MP: 18/33
 55287 | Vaults:2 | HP: 7/168 [fire giant/bolt of fire (43)]
 56255 | Vaults:2 | Reached skill level 5 in Shields
 56433 | Vaults:2 | Found Suklud's Assorted Antiques.
 56441 | Vaults:2 | Bought a potion of heal wounds for 87 gold pieces
 56441 | Vaults:2 | Bought a scroll of enchant weapon I for 101 gold pieces
 56441 | Vaults:2 | Bought a scroll of magic mapping for 101 gold pieces
 56442 | Vaults:2 | Bought a glowing lead wand for 116 gold pieces
 56787 | Vaults:2 | Got a heavily runed ivory ring
 56888 | Vaults:2 | Got a vibrating glass ring
 56895 | Vaults:2 | Identified the ring of Zeipsis {Str+2 Dex+4 Dam+5} (You took it off a vault warden on level 2 of the Vaults)
 56896 | Vaults:2 | Identified the ring "Oneutois" {-Tele +Fly Str+4} (You took it off an ironheart preserver on level 2 of the Vaults)
 57051 | Vaults:2 | Reached skill level 15 in Armour
 57693 | Vaults:3 | Got a pair of steaming boots
 57697 | Vaults:3 | Identified the +0 pair of boots "Lenez" {rPois rF++} (You acquired it on level 3 of the Vaults)
 57770 | Vaults:3 | Reached skill level 16 in Armour
 58967 | Vaults:3 | Found a staircase to the Crypt.
 59089 | Crypt:1  | Entered Level 1 of the Crypt
 59171 | Crypt:1  | Found a magical portal.
 59181 | WizLab   | Entered Tukima's Studio
 59196 | WizLab   | Reached skill level 15 in Necromancy
 59868 | Crypt:1  | Noticed Jory
 59875 | Crypt:1  | Killed Jory
 59875 | Crypt:1  | Reached XP level 20. HP: 176/176 MP: 5/33
 61031 | Crypt:2  | Reached skill level 17 in Necromancy
 61439 | Crypt:3  | Entered Level 3 of the Crypt
 61934 | Crypt:3  | Found a staircase to the Tomb.
 62025 | Crypt:3  | Noticed an ancient lich
 62025 | Crypt:3  | Noticed an ancient lich
 62127 | Crypt:3  | Killed an ancient lich
 62178 | Crypt:3  | Killed an ancient lich
 62178 | Crypt:3  | Reached skill level 18 in Armour
 62226 | Crypt:3  | Got a crude silver ring
 62226 | Crypt:3  | Got a steaming wooden ring
 62258 | Crypt:3  | Identified the ring of Cliolo {rN+ Str+4 Int+2} (You found it on level 3 of the Crypt)
 62259 | Crypt:3  | Identified the ring "Psunobb" {rN+ Str+3 Dex+1} (You found it on level 3 of the Crypt)
 62275 | Crypt:3  | Got a warped long sword
 62276 | Crypt:3  | Identified the cursed +2,-2 long sword of Gitsouv {freeze, Int+2} (You found it on level 3 of the Crypt)
 62292 | Crypt:3  | Identified a -1 rod of the swarm (11/11) (You found it on level 3 of the Crypt)
 62638 | Crypt:3  | Upgraded the game from 0.15-a0-861-g2f358d9 to 0.15-a0-1081-gb32516e
 62920 | Orc:1    | Entered Level 1 of the Orcish Mines
 62939 | Orc:1    | Found an ancient bone altar of Kikubaaqudgha.
 63460 | Orc:2    | Noticed Snorg
 63475 | Orc:2    | Killed Snorg
 63588 | Orc:2    | Noticed Psyche
 63592 | Orc:2    | Killed Psyche
 64347 | Orc:3    | Found Craucw's General Store.
 64711 | Orc:3    | Found a roughly hewn altar of Beogh.
 64896 | Orc:4    | Entered Level 4 of the Orcish Mines
 64933 | Orc:4    | Found Fobroi's General Store.
 65095 | Orc:4    | Found a staircase to the Elven Halls.
 65154 | Orc:4    | Found Vacsuceze's Antique Weapon Shoppe.
 65205 | Orc:4    | Bought a crystal cutlass for 243 gold pieces
 65205 | Orc:4    | Bought a runed cutlass for 108 gold pieces
 65209 | Orc:4    | Identified the +3,+11 cutlass of the Spider Nest {freeze, +Inv rElec SInv} (You bought it in a shop on level 4 of the Orcish Mines)
 65339 | Orc:4    | Found Cli Prig's Jewellery Boutique.
 65403 | Orc:4    | Bought an uncursed ring of protection from magic for 400 gold pieces
 65446 | Orc:4    | Found Gigasuuz's Antique Armour Emporium.
 65751 | Elf:1    | Entered Level 1 of the Elven Halls
 65790 | Elf:1    | Found a radiant altar of Vehumet.
 66133 | Elf:1    | Noticed Roxanne
 66228 | Elf:1    | Reached XP level 21. HP: 181/187 MP: 34/34
 66568 | Elf:2    | Noticed Kirke
 66582 | Elf:2    | Killed Kirke
 67298 | Elf:3    | Entered Level 3 of the Elven Halls
 67551 | Elf:3    | Found Pheudghao's Book Shoppe.
 67920 | Elf:3    | Reached skill level 15 in Dodging
 68537 | Elf:3    | Got a sparkling brass ring
 68722 | Elf:3    | Identified the ring "Blojoces" {+Blink rF+} (You took it off a deep elf demonologist on level 3 of the Elven Halls)
 70227 | Shoals:1 | Learned a level 2 spell: Stoneskin
 70953 | Vaults:4 | Found a flickering gateway to a bazaar.
 70970 | Bazaar   | Entered a bazaar
 70970 | Bazaar   | Found Mness' General Store.
 70970 | Bazaar   | Found Mafimnirph's Armour Emporium.
 70974 | Bazaar   | Found Ciaghi's Armour Shoppe.
 70987 | Bazaar   | Found Onailial's Distillery.
 70999 | Bazaar   | Bought a potion of curing for 26 gold pieces
 70999 | Bazaar   | Bought a potion of curing for 26 gold pieces
 70999 | Bazaar   | Bought a potion of berserk rage for 39 gold pieces
 70999 | Bazaar   | Bought a potion of restore abilities for 39 gold pieces
 70999 | Bazaar   | Bought a potion of curing for 26 gold pieces
 70999 | Bazaar   | Bought a potion of might for 32 gold pieces
 71018 | Bazaar   | Bought a fan of gales for 360 gold pieces
 71018 | Bazaar   | Bought a lamp of fire for 360 gold pieces
 71018 | Bazaar   | Bought a bread ration for 45 gold pieces
 71023 | Bazaar   | Bought the +0 pair of gloves of Vlad {rF+ rN+ Dex-3} for 164 gold pieces
 71420 | Vaults:4 | Found a staircase to the Hall of Blades.
 71570 | Vaults:4 | Reached XP level 22. HP: 196/196 MP: 34/34
 71996 | Vaults:4 | Reached skill level 10 in Evocations
 72210 | Depths:1 | Entered Level 1 of the Depths
 72337 | Depths:1 | Noticed Nikola
 72355 | Depths:1 | Killed Nikola
 72431 | Depths:1 | Found a one-way gate to the infinite horrors of the Abyss.
 72520 | Depths:1 | Gained mutation: You have large cloven feet. [helix card]
 72747 | Depths:1 | Found a gateway to Hell.
 73744 | Depths:1 | Noticed an ancient lich
 73769 | Depths:1 | Killed an ancient lich
 73963 | Depths:2 | Found Qiasadiq's Armour Boutique.
 74022 | Depths:2 | Found Boas Bri's Gadget Emporium.
 74037 | Depths:2 | Found a gateway to a ziggurat.
 74047 | Depths:2 | Found Ydghahai's Assorted Antiques.
 74081 | Depths:2 | Bought an ivory ring for 250 gold pieces
 74233 | Depths:2 | Found Keor's Book Emporium.
 74237 | Depths:2 | Found Pnaetsa's Book Shoppe.
 74712 | Depths:2 | Reached skill level 15 in Fighting
 75198 | Depths:4 | Reached skill level 1 in Earth Magic
 75423 | Depths:4 | Noticed the Enchantress
 75479 | Depths:4 | Reached skill level 5 in Earth Magic
 75651 | Depths:4 | Your ally Redofops died
 75663 | Depths:4 | Reached XP level 23. HP: 219/219 MP: 35/35
 76337 | Depths:3 | Reached skill level 10 in Earth Magic
 76625 | Depths:3 | Reached XP level 24. HP: 228/228 MP: 36/36
 77286 | Depths:4 | Killed the Enchantress
 77310 | Depths:4 | Got a faerie dragon armour
 77344 | Depths:4 | Identified the +2 faerie dragon armour {+Blink +Rage rElec} (You took it off the Enchantress on level 4 of the Depths)
 78088 | Depths:4 | Reached skill level 15 in Earth Magic
 78155 | Depths:4 | Reached skill level 19 in Armour
 78396 | Depths:4 | Identified Alistair's Guide on Poison
 78746 | Depths:4 | Identified a +9 rod of destruction (9/9) (You found it on level 4 of the Depths)
 78860 | Depths:4 | Upgraded the game from 0.15-a0-1081-gb32516e to 0.15-a0-1119-g9b3a599
 78980 | Depths:5 | Entered Level 5 of the Depths
 79362 | Depths:5 | Reached XP level 25. HP: 235/235 MP: 36/36
 79409 | Depths:5 | Reached skill level 20 in Armour
 79490 | Depths:5 | Found a gate to the Realm of Zot.
 80957 | Vaults:5 | Entered Level 5 of the Vaults
 81147 | Vaults:5 | Noticed an ancient lich
 81302 | Vaults:5 | Got an iridescent blowgun
 81303 | Vaults:5 | Identified the +9 blowgun of Fafueffaidd {speed, +Blink rN+ SInv} (You found it on level 5 of the Vaults)
 81353 | Vaults:5 | Reached skill level 21 in Armour
 81426 | Vaults:5 | Identified a +7 rod of striking (12/12) (You took it off a vault warden on level 5 of the Vaults)
 81622 | Vaults:5 | Reached skill level 5 in Translocations
 81869 | Vaults:5 | Got a silver rune of Zot
 81936 | Vaults:5 | Reached skill level 10 in Translocations
 82422 | Vaults:5 | Found Sila's General Store.
 82441 | Vaults:5 | Bought a scroll of enchant weapon I for 66 gold pieces
 82441 | Vaults:5 | Bought a scroll of blinking for 142 gold pieces
 82921 | Zot:1    | Entered Level 1 of the Realm of Zot
 82952 | Zot:1    | Reached XP level 26. HP: 243/243 MP: 37/37
 83072 | Zot:1    | Reached skill level 15 in Translocations
 83180 | Zot:1    | Got a jewelled shield
 83189 | Zot:1    | Identified the +1 shield "Reetril" {rC+ Acc+4} (You took it off a yellow draconian on level 1 of the Realm of Zot)
 83368 | Zot:5    | Entered Level 5 of the Realm of Zot
 83883 | Zot:5    | Noticed an ancient lich
 83906 | Zot:5    | Killed an ancient lich
 83976 | Zot:5    | Reached skill level 22 in Armour
 84130 | Zot:5    | Noticed an orb of fire
 84170 | Zot:5    | Noticed an orb of fire
 84170 | Zot:5    | Gained mutation: Your vision is a little blurry. [an orb of fire]
 84171 | Zot:5    | Gained mutation: You occasionally shout uncontrollably at your foes. [an orb of fire]
 84178 | Zot:5    | Gained mutation: You are dopey. (Int -2) [an orb of fire]
 84185 | Zot:5    | Killed an orb of fire
 84213 | Zot:5    | Noticed an orb of fire
 84213 | Zot:5    | Gained mutation: You are clumsy. (Dex -2) [an orb of fire]
 84219 | Zot:5    | Noticed an ancient lich
 84219 | Zot:5    | Gained mutation: Your vision is quite blurry. [an orb of fire]
 84235 | Zot:5    | Gained mutation: You have a fast metabolism. [an orb of fire]
 84240 | Zot:5    | Killed an orb of fire
 84245 | Zot:5    | Killed an ancient lich
 84335 | Zot:5    | Got the Orb of Zot
 84345 | Zot:5    | Noticed an ancient lich
 84359 | Zot:5    | Killed an ancient lich
 84392 | Zot:5    | Gained mutation: You are very clumsy. (Dex -4) [a cacodemon]
 84497 | Zot:2    | Reached skill level 23 in Armour
 84506 | Zot:2    | Reached XP level 27. HP: 164/252 MP: 31/37
 84514 | Zot:2    | Noticed Crynozuh the pandemonium lord
 84533 | Zot:2    | Killed Crynozuh the pandemonium lord
 84598 | Zot:1    | Noticed Axzeicrala the pandemonium lord
 84608 | Zot:1    | Killed Axzeicrala the pandemonium lord
 84653 | Zot:1    | Gained mutation: You are weak. (Str -2) [a cacodemon]
 84928 | D:12     | Gained mutation: You have a very fast metabolism. [a cacodemon]
 84931 | D:12     | Gained mutation: Your metabolism is lightning-fast. [a cacodemon]
 85212 | D:$      | Escaped with the Orb!

Action                   |  1- 3 |  4- 6 |  7- 9 | 10-12 | 13-15 | 16-18 | 19-21 | 22-24 | 25-27 || total
-------------------------+-------+-------+-------+-------+-------+-------+-------+-------+-------++-------
Melee: Unarmed           |    45 |       |       |       |       |       |       |       |       ||    45
       Dagger            |    65 |   190 |   787 |   590 |  2514 |  1590 |       |       |       ||  5736
       Short sword       |       |       |       |   409 |   508 |       |       |       |       ||   917
       Cutlass           |       |       |       |       |       |   740 |       |       |       ||   740
       Demon blade       |       |       |       |       |       |   108 |  2877 |  1984 |  1701 ||  6670
 Fire: Blowgun           |       |       |       |       |     3 |     4 |     7 |     2 |       ||    16
 Cast: Pain              |    69 |     6 |     4 |    18 |    61 |     1 |     2 |       |       ||   161
       Vampiric Draining |     8 |    43 |   105 |   293 |   409 |   676 |   133 |       |    15 ||  1682
       Control Undead    |       |       |    16 |       |     1 |       |       |       |       ||    17
       Dispel Undead     |       |       |    13 |     9 |    61 |    13 |    87 |     2 |       ||   185
       Agony             |       |       |       |    29 |    76 |     7 |    16 |       |       ||   128
       Excruciating Woun |       |       |       |     1 |    20 |    39 |       |       |       ||    60
       Repel Missiles    |       |       |       |       |       |     1 |     1 |       |       ||     2
       Blink             |       |       |       |       |       |       |     2 |       |       ||     2
       Stoneskin         |       |       |       |       |       |       |       |     3 |     5 ||     8
Invok: Minor Destruction |       |       |     4 |     2 |       |       |       |       |       ||     6
       Greater Servant o |       |       |       |     3 |     6 |    26 |    13 |     3 |     8 ||    59
       Lesser Servant of |       |       |       |     1 |     1 |     7 |       |       |       ||     9
Evoke: Wand              |       |     4 |    25 |     8 |    44 |    25 |    26 |    17 |     9 ||   158
       Stone of tremors  |       |       |       |       |     1 |     1 |       |     1 |       ||     3
       Phial of floods   |       |       |       |       |       |     1 |       |     1 |       ||     2
       Deck              |       |       |       |       |       |       |       |     2 |       ||     2
  Use: Potion            |     1 |     1 |     6 |     2 |     6 |    12 |    10 |    10 |     6 ||    54
       Scroll            |    10 |     2 |    10 |    15 |    14 |    20 |    45 |    12 |    14 ||   142
 Stab: Sleeping          |       |       |     2 |     7 |     7 |     4 |       |       |       ||    20
       Distracted        |       |       |     1 |     1 |     2 |    14 |     8 |     1 |     4 ||    31
       Confused          |       |       |       |       |     2 |       |       |       |     1 ||     3
       Fleeing           |       |       |       |       |     1 |       |       |       |       ||     1
       Paralysed         |       |       |       |       |       |       |     2 |       |       ||     2
